[Event "Titled Tuesday Blitz August 31 2021"]
[White "Postny, Evgeny"]
[Black "Potapova, Margarita"]
[WhiteFideId "2804344"]
[BlackFideId "14126869"]
[WhiteElo "2521"]
[BlackElo "2214"]
[Result "0-1"]
[Round "11"]
[TimeControl "180+1"]
[Date "2021.08.31"]
[WhiteClock "0:01:42"]
[BlackClock "0:02:00"]

1. e4 c5 2. Nf3 d6 3. Bb5+ Nd7 4. O-O a6 5. Bd3 Ngf6 6. c3 e6 7. Bc2 Be7 8. d4 b5 9. a4 Bb7 10. Re1 Qc7 11. axb5 axb5 12. Rxa8+ Bxa8 13. Na3 b4 14. Nb5 Qb8 15. c4 b3 16. Bxb3 Bxe4 17. Ba4 O-O 18. d5 exd5 19. Nc3 Bxf3 20. Qxf3 Ne5 21. Qg3 d4 22. Nd5 Nxd5 23. cxd5 Qb4 0-1


[Site "https://www.chess.com"]

[Event "Titled Tuesday Blitz August 31 2021"]
[White "Qashashvili, Alexandre"]
[Black "Pires, Marcos Vinicius Torsani"]
[WhiteFideId "13600842"]
[BlackFideId "2118939"]
[WhiteElo "2316"]
[BlackElo "2273"]
[Result "1/2-1/2"]
[Round "11"]
[TimeControl "180+1"]
[Date "2021.08.31"]
[WhiteClock "0:01:34"]
[BlackClock "0:01:04"]

1. e4 c6 2. d4 d5 3. Nc3 dxe4 4. Nxe4 Bf5 5. Ng3 Bg6 6. Nf3 Nd7 7. Bd3 e6 8. Bxg6 hxg6 9. h3 Ngf6 10. Bf4 Qa5+ 11. Qd2 Qxd2+ 12. Bxd2 Bd6 13. Ne2 O-O-O 14. O-O-O e5 15. dxe5 Nxe5 16. Nxe5 Bxe5 17. Bf4 Rhe8 18. Rxd8+ Kxd8 19. Rd1+ Kc7 20. Bxe5+ Rxe5 21. Ng3 Nd5 22. Rd4 c5 23. Re4 Kd6 24. Rxe5 Kxe5 25. Ne2 Nf4 26. Nxf4 Kxf4 27. Kd2 Ke4 28. Ke2 f5 29. f3+ Kf4 30. Kf2 g5 31. g3+ Ke5 32. Ke2 Kd4 33. Kd2 c4 34. c3+ Ke5 35. Ke2 b5 36. Kd2 a6 37. Ke2 g6 38. Kd2 f4 39. g4 Kd5 40. Kc2 Kc5 41. Kd2 Kd5 42. Kc2 Kc5 43. Kd2 Kd5 1/2-1/2


[Site "https://www.chess.com"]

[Event "Titled Tuesday Blitz August 31 2021"]
[White "Rakhmanov, Aleksandr"]
[Black "Xiong, Jeffery"]
[WhiteFideId "4173708"]
[BlackFideId "2047640"]
[WhiteElo "2498"]
[BlackElo "2724"]
[Result "0-1"]
[Round "11"]
[TimeControl "180+1"]
[Date "2021.08.31"]
[WhiteClock "0:00:03"]
[BlackClock "0:00:04"]

1. d4 Nf6 2. c4 c5 3. Nf3 cxd4 4. Nxd4 e6 5. Nc3 d5 6. cxd5 Nxd5 7. Qb3 Nf6 8. e3 a6 9. Be2 Bd6 10. O-O O-O 11. Rd1 Qe7 12. e4 Nbd7 13. Bg5 h6 14. Bh4 Rd8 15. a4 Nc5 16. Qc2 g5 17. Bg3 Bxg3 18. hxg3 e5 19. Nf3 Bg4 20. Nd5 Nxd5 21. Rxd5 Rxd5 22. exd5 Qd6 23. Nxg5 hxg5 24. Bxg4 Qxd5 25. Rd1 Qe4 26. Qxc5 Qxg4 27. Re1 Re8 28. b4 Kg7 29. a5 Re6 30. Qc3 Qd4 31. Qc1 Kg6 32. Qb1+ e4 33. Rd1 Qe5 34. Rc1 Qd4 35. Rc5 Re5 36. Rc7 Rf5 37. Qc2 Qxb4 38. Rc4 Qe1+ 39. Kh2 Rxf2 40. Qb3 Qe2 41. Qb6+ f6 42. Kh3 Rxg2 43. Rxe4 Rh2# 0-1


[Site "https://www.chess.com"]

[Event "Titled Tuesday Blitz August 31 2021"]
[White "Romanchuk, Viktor"]
[Black "Quintiliano Pinto, Renato R."]
[WhiteFideId "14109271"]
[BlackFideId "2117568"]
[WhiteElo "2242"]
[BlackElo "2439"]
[Result "0-1"]
[Round "11"]
[TimeControl "180+1"]
[Date "2021.08.31"]
[WhiteClock "0:00:01"]
[BlackClock "0:00:07"]

1. d4 d5 2. c4 c6 3. Nc3 Nf6 4. e3 e6 5. Nf3 Nbd7 6. Qc2 Bd6 7. b3 O-O 8. Bb2 e5 9. dxe5 Nxe5 10. O-O-O Qe7 11. cxd5 Bg4 12. Be2 cxd5 13. Nxe5 Bxe2 14. Qxe2 Bxe5 15. Kb1 Rac8 16. Qd3 Bxc3 17. Bxc3 Ne4 18. Be1 Qg5 19. Rg1 Rfd8 20. h4 Qf6 21. f3 Nc5 22. Qd4 Qg6+ 23. Ka1 Ne6 24. Qe5 d4 25. e4 Rc5 26. Qg3 Qf6 27. Bb4 Rb5 28. Ba3 d3+ 29. Bb2 Qe7 30. Rd2 Qb4 31. Rgd1 Rc5 32. Rxd3 Rxd3 33. Rxd3 Rc8 34. Rd1 Qc5 35. Rc1 Qf8 36. Rxc8 Qxc8 37. Kb1 h6 38. Qe5 Qc6 39. g4 f6 40. Qd5 Qa6 41. Qd1 Kh8 42. Qc2 Qd6 43. Qc1 Nc5 0-1


[Site "https://www.chess.com"]

[Event "Titled Tuesday Blitz August 31 2021"]
[White "Sadovsky, Artem"]
[Black "Krivonosov, Oleg"]
[WhiteFideId "4155840"]
[BlackFideId "11600349"]
[WhiteElo "2442"]
[BlackElo "2469"]
[Result "0-1"]
[Round "11"]
[TimeControl "180+1"]
[Date "2021.08.31"]
[WhiteClock "0:02:07"]
[BlackClock "0:01:54"]

1. Nf3 d5 2. g3 Nf6 3. Bg2 e6 4. O-O Be7 5. c4 O-O 6. b3 b6 7. Bb2 Bb7 8. d3 c5 9. Nbd2 Nc6 10. cxd5 Nxd5 11. Nc4 Rc8 12. Nfe5 Nxe5 13. Nxe5 Qc7 14. Rc1 Nf6 15. Bxb7 Qxb7 16. Nf3 Rfd8 17. Qc2 Nd5 18. Qc4 Bf6 19. Bxf6 Nxf6 20. Rfd1 h6 21. d4 cxd4 22. Rxd4 Nd5 23. e4 Rxc4 24. bxc4 Rc8 25. exd5 exd5 26. Rcd1 dxc4 27. Rd7 Qxf3 0-1


[Site "https://www.chess.com"]

[Event "Titled Tuesday Blitz August 31 2021"]
[White "Schmidt, Harald"]
[Black "Palchuk, Andrii"]
[WhiteFideId "4648358"]
[BlackFideId "14176688"]
[WhiteElo "2325"]
[BlackElo "2320"]
[Result "0-1"]
[Round "11"]
[TimeControl "180+1"]
[Date "2021.08.31"]
[WhiteClock "0:00:01"]
[BlackClock "0:00:33"]

1. e4 d5 2. exd5 Nf6 3. Nc3 Nxd5 4. g3 Nxc3 5. bxc3 c5 6. Bg2 g6 7. Rb1 Nc6 8. Ne2 Bg7 9. O-O O-O 10. Re1 Qc7 11. Nf4 e6 12. h4 b6 13. h5 Bb7 14. hxg6 hxg6 15. Qe2 Rfd8 16. Nxe6 fxe6 17. Qxe6+ Kh7 18. Qh3+ Kg8 19. Qe6+ Kf8 20. Qxg6 Ne5 21. Qf5+ Nf7 22. d4 Bxg2 23. Kxg2 cxd4 24. Ba3+ Kg8 25. Re7 Qc4 26. Rbe1 dxc3 27. Kg1 Rf8 0-1


[Site "https://www.chess.com"]

[Event "Titled Tuesday Blitz August 31 2021"]
[White "Shkapenko, Pavel"]
[Black "Dzagnidze, Nana"]
[WhiteFideId "4151933"]
[BlackFideId "13601903"]
[WhiteElo "2386"]
[BlackElo "2391"]
[Result "1/2-1/2"]
[Round "11"]
[TimeControl "180+1"]
[Date "2021.08.31"]
[WhiteClock "0:00:45"]
[BlackClock "0:00:46"]

1. e4 c5 2. c3 d5 3. exd5 Qxd5 4. Nf3 Nf6 5. d4 e6 6. Be2 Nc6 7. O-O Be7 8. c4 Qd8 9. dxc5 Qxd1 10. Rxd1 Bxc5 11. a3 b6 12. b4 Be7 13. Nc3 O-O 14. Bf4 Bb7 15. Nb5 Rfd8 16. Bc7 Rxd1+ 17. Rxd1 a5 18. bxa5 bxa5 19. Nd6 Ba6 20. Bf1 h6 21. Rb1 Nd7 22. Nb5 Nc5 23. Bg3 Rc8 24. Nc7 1/2-1/2


[Site "https://www.chess.com"]

[Event "Titled Tuesday Blitz August 31 2021"]
[White "Skatchkov, Valery"]
[Black "Siva Mahadevan"]
[WhiteFideId "24195812"]
[BlackFideId "25043153"]
[WhiteElo "2199"]
[BlackElo "2203"]
[Result "0-1"]
[Round "11"]
[TimeControl "180+1"]
[Date "2021.08.31"]
[WhiteClock "0:00:18"]
[BlackClock "0:02:17"]

1. d4 Nf6 2. c4 g6 3. Nc3 d5 4. Bg5 Bg7 5. Nf3 dxc4 6. e4 c5 7. d5 b5 8. e5 b4 9. exf6 exf6 10. Qe2+ Kf8 11. Qxc4 fxg5 12. Qxc5+ Qe7+ 13. Qxe7+ Kxe7 14. Ne4 g4 15. d6+ Kf8 16. Nfd2 Bf5 17. Bc4 Nd7 18. O-O Bxb2 19. Rab1 Bc3 20. Rfc1 Bxd2 21. Nxd2 Bxb1 22. Rxb1 a5 23. Ne4 Kg7 24. Ng5 Ne5 25. Bb3 Rhd8 26. Re1 Re8 27. Re4 h6 0-1


[Site "https://www.chess.com"]

[Event "Titled Tuesday Blitz August 31 2021"]
[White "Sokolin, Leonid"]
[Black "Todorovic, Bojan"]
[WhiteFideId "2009161"]
[BlackFideId "917087"]
[WhiteElo "2394"]
[BlackElo "2266"]
[Result "0-1"]
[Round "11"]
[TimeControl "180+1"]
[Date "2021.08.31"]
[WhiteClock "0:00:16"]
[BlackClock "0:00:33"]

1. e4 c5 2. Nf3 Nc6 3. Bb5 Qc7 4. Bxc6 Qxc6 5. Nc3 Nf6 6. d4 Nxe4 7. d5 Nxc3 8. bxc3 Qa6 9. Be3 d6 10. Nd2 e6 11. c4 exd5 12. cxd5 Be7 13. c4 O-O 14. O-O Bf5 15. a4 Bf6 16. Ra2 Bd3 17. Qg4 Bxf1 18. Kxf1 Rfe8 19. h4 g6 20. h5 Re5 21. hxg6 hxg6 22. g3 Rae8 23. Kg2 Rf5 24. Ne4 Bg7 25. Ng5 Rxe3 26. fxe3 Qa5 27. e4 Re5 28. Nf3 Re8 29. Qd7 Rd8 30. Qe7 Bf8 31. Qf6 Qc7 32. Rf2 Qe7 33. Qf4 Re8 34. Ng5 Bh6 35. Nxf7 Bxf4 0-1


[Site "https://www.chess.com"]

[Event "Titled Tuesday Blitz August 31 2021"]
[White "Solon, Nathan"]
[Black "Perez Gormaz, Matias"]
[WhiteFideId "2017229"]
[BlackFideId "3406342"]
[WhiteElo "2667"]
[BlackElo "2352"]
[Result "1-0"]
[Round "11"]
[TimeControl "180+1"]
[Date "2021.08.31"]
[WhiteClock "0:02:07"]
[BlackClock "0:01:24"]

1. d4 d5 2. c4 e6 3. Nf3 Nf6 4. g3 dxc4 5. Bg2 a6 6. O-O b5 7. Ne5 Nd5 8. a4 Bb7 9. axb5 axb5 10. Rxa8 Bxa8 11. e4 Nf6 12. Nc3 c6 13. d5 cxd5 14. exd5 exd5 15. Ng4 Nbd7 16. Nxd5 Bxd5 17. Bxd5 Be7 18. Nxf6+ Bxf6 19. Bc6 b4 20. Re1+ Be7 21. Bf4 1-0


[Site "https://www.chess.com"]

[Event "Titled Tuesday Blitz August 31 2021"]
[White "Srihari L R"]
[Black "Semcesen, Daniel"]
[WhiteFideId "46617116"]
[BlackFideId "1706993"]
[WhiteElo "2121"]
[BlackElo "2505"]
[Result "1-0"]
[Round "11"]
[TimeControl "180+1"]
[Date "2021.08.31"]
[WhiteClock "0:01:41"]
[BlackClock "0:00:00"]

1. Nf3 Nf6 2. c4 e6 3. b3 b6 4. Bb2 Bb7 5. g3 g6 6. Bg2 Bg7 7. O-O O-O 8. Nc3 d6 9. d4 Ne4 10. Qc2 Nxc3 11. Bxc3 c5 12. Rfd1 cxd4 13. Bxd4 Qe7 14. Bxg7 Kxg7 15. Qc3+ Kg8 16. Rd2 Nc6 17. Rad1 Rfd8 18. h4 h5 19. Ng5 Na5 20. Bxb7 Nxb7 21. Ne4 e5 22. Qf3 Kg7 23. Nc3 Rac8 24. Nd5 Qe6 25. Nxb6 axb6 26. Qxb7 Rb8 27. Qc6 e4 28. Rxd6 Rxd6 29. Rxd6 Qe5 30. Qc7 Qa1+ 31. Kg2 Rf8 32. Qxb6 Qxa2 33. Qd4+ Kg8 34. Qxe4 Qxb3 35. c5 Qc3 36. c6 Rc8 37. Qd5 1-0


[Site "https://www.chess.com"]

[Event "Titled Tuesday Blitz August 31 2021"]
[White "Starozhilov, Leonid"]
[Black "Sengupta, Deep"]
[WhiteFideId "14106752"]
[BlackFideId "5008352"]
[WhiteElo "2414"]
[BlackElo "2347"]
[Result "1-0"]
[Round "11"]
[TimeControl "180+1"]
[Date "2021.08.31"]
[WhiteClock "0:00:38"]
[BlackClock "0:00:09"]

1. e4 b6 2. d3 Bb7 3. Nd2 e6 4. g3 d5 5. Bg2 Nf6 6. Ngf3 Be7 7. O-O O-O 8. e5 Nfd7 9. Re1 c5 10. Nf1 Nc6 11. h4 Qc7 12. Bf4 Nd4 13. Nxd4 cxd4 14. Nh2 Rac8 15. Rc1 Bb4 16. Re2 Qd8 17. a3 Be7 18. Re1 a5 19. Qg4 Kh8 20. Nf3 Bc5 21. Qh5 f6 22. exf6 Nxf6 23. Qe5 Rc6 24. Nxd4 Ng4 25. Nxc6 Bxc6 26. Qxe6 Bxf2+ 27. Kh1 Rxf4 28. Qxc6 Ne3 29. Bh3 Rxh4 30. gxh4 h5 31. Rxe3 Bxe3 32. Re1 d4 33. Qc8 1-0


[Site "https://www.chess.com"]

[Event "Titled Tuesday Blitz August 31 2021"]
[White "Stribuk, Artiom"]
[Black "Pastar, Slaven"]
[WhiteFideId "13515659"]
[BlackFideId "14402718"]
[WhiteElo "2224"]
[BlackElo "2150"]
[Result "1-0"]
[Round "11"]
[TimeControl "180+1"]
[Date "2021.08.31"]
[WhiteClock "0:00:04"]
[BlackClock "0:00:02"]

1. d4 b6 2. c4 Bb7 3. f3 g6 4. e4 Bg7 5. Be3 c5 6. Ne2 cxd4 7. Nxd4 Nc6 8. Nc3 Rc8 9. Be2 Qc7 10. Rc1 a6 11. O-O Nxd4 12. Bxd4 Bxd4+ 13. Qxd4 Qc5 14. Rfd1 Nf6 15. b4 Qxd4+ 16. Rxd4 d6 17. Kf2 h5 18. h4 Nd7 19. Ke3 Ne5 20. f4 Nc6 21. Rd2 O-O 22. Nd5 Rcd8 23. a3 e5 24. g3 Nd4 25. Nxb6 Nb3 26. Rcd1 Nxd2 27. Rxd2 f5 28. exf5 exf4+ 29. gxf4 Rfe8+ 30. Kf2 gxf5 31. Bxh5 Re4 32. c5 d5 33. Bf3 Rxf4 34. Kg3 Rxf3+ 35. Kxf3 Kg7 36. Kf4 Kf6 37. Rd4 Rg8 38. Nxd5+ Bxd5 39. Rxd5 Rg4+ 40. Kf3 Rxh4 41. Rd6+ Ke5 42. Rxa6 Rh3+ 43. Kg2 Rc3 44. Ra8 Kf4 45. Rf8 Rxa3 46. b5 Ra5 47. Rb8 Ra2+ 48. Kf1 Kf3 49. Ke1 Ra1+ 50. Kd2 f4 51. c6 Ke4 52. c7 Ra2+ 53. Kc1 f3 54. c8=Q Ra1+ 55. Kb2 f2 56. Qe6+ Kf3 57. Qf5+ Ke2 58. Re8+ Kd2 59. Qxf2+ Kd1 60. Re1# 1-0


[Site "https://www.chess.com"]

[Event "Titled Tuesday Blitz August 31 2021"]
[White "Tanenbaum, Zachary"]
[Black "Seemann, Jakub"]
[WhiteFideId "2060850"]
[BlackFideId "21874697"]
[WhiteElo "2165"]
[BlackElo "1805"]
[Result "0-1"]
[Round "11"]
[TimeControl "180+1"]
[Date "2021.08.31"]
[WhiteClock "0:00:01"]
[BlackClock "0:00:14"]

1. e4 c5 2. Nf3 d6 3. d4 cxd4 4. Nxd4 Nf6 5. Nc3 a6 6. Be3 e5 7. Nb3 Be7 8. h3 Be6 9. f4 Nc6 10. Qe2 Bxb3 11. axb3 Nb4 12. g4 Rc8 13. Bg2 exf4 14. Bxf4 Nd7 15. Qd2 O-O 16. O-O Ne5 17. g5 f6 18. h4 fxg5 19. hxg5 Rxf4 20. Qxf4 Nxc2 21. Bh3 Bxg5 22. Be6+ Kh8 23. Qg3 Rb8 24. Nd5 Nd4 25. Qg2 Nxb3 26. Qh3 Nd4 27. Ra3 Qe8 28. Bf5 g6 29. Qg3 Bh6 30. Bh3 Ne2+ 31. Kh2 Nxg3 32. Rxg3 Bg7 33. Rc3 Qb5 34. Rf2 h5 35. Rc7 Rg8 36. Be6 Re8 37. Bh3 Qd3 38. Nf4 Qxe4 39. Ne6 Rxe6 40. Bxe6 Nf3+ 41. Kg3 Be5+ 42. Kg2 Ng5+ 0-1


[Site "https://www.chess.com"]

[Event "Titled Tuesday Blitz August 31 2021"]
[White "Timmermans, Mark"]
[Black "Alavkin, Arseny"]
[WhiteFideId "1026399"]
[BlackFideId "4120612"]
[WhiteElo "2460"]
[BlackElo "2391"]
[Result "1-0"]
[Round "11"]
[TimeControl "180+1"]
[Date "2021.08.31"]
[WhiteClock "0:01:42"]
[BlackClock "0:02:05"]

1. b4 e5 2. Bb2 Bxb4 3. Bxe5 Nf6 4. Nc3 O-O 5. Bxf6 Qxf6 6. Nd5 Qd6 7. c4 c6 8. Nxb4 Qxb4 9. e3 Re8 10. Nf3 d6 11. Rb1 Qa5 12. Bd3 Qa3 13. Rb3 Qxa2 14. O-O h6 15. Bb1 Qa5 16. Qc2 g6 17. Qb2 Qd8 18. d4 b6 19. d5 c5 20. Bd3 Nd7 21. Ra1 Bb7 22. h3 Qf6 23. Qb1 a5 24. Nd2 Kg7 25. Ne4 Qe7 26. Qb2+ f6 27. Nc3 Ba6 28. Na4 Ne5 29. Nxb6 Rab8 30. Bf1 Bc8 31. Rxa5 Nf7 32. Qa1 Rd8 33. Ra7 Rb7 34. Nxc8 Rxa7 35. Qxa7 1-0


[Site "https://www.chess.com"]

[Event "Titled Tuesday Blitz August 31 2021"]
[White "Tsaruk, Maksim"]
[Black "Shuvalov, Evgenij"]
[WhiteFideId "13511173"]
[BlackFideId "4187237"]
[WhiteElo "2184"]
[BlackElo "2163"]
[Result "0-1"]
[Round "11"]
[TimeControl "180+1"]
[Date "2021.08.31"]
[WhiteClock "0:00:01"]
[BlackClock "0:00:05"]

1. e4 e6 2. d4 d5 3. Nd2 c5 4. Ngf3 Nc6 5. exd5 exd5 6. Bb5 Qe7+ 7. Qe2 Qxe2+ 8. Bxe2 Bf5 9. c3 cxd4 10. Nxd4 Nxd4 11. cxd4 a6 12. O-O Bd6 13. Nb3 Ne7 14. Nc5 O-O-O 15. Bd2 Kb8 16. Rfc1 Rhe8 17. Bf3 Ka7 18. a4 b6 19. Nb3 a5 20. Bc3 Be4 21. Be2 Bf5 22. Nd2 Bc8 23. Nf1 Bf4 24. Re1 Ba6 25. g3 Bh6 26. Bf3 Bc4 27. Ne3 Bxe3 28. Rxe3 Nf5 29. Ree1 Nd6 30. b4 axb4 31. Bxb4 Ne4 32. a5 b5 33. a6 Ka8 34. a7 Rd7 35. Bc5 Re6 36. Bxe4 dxe4 37. h4 f5 38. Kh2 g6 39. Ra3 h6 40. g4 f4 41. h5 gxh5 42. gxh5 Rd5 43. Rh3 Re8 44. Rg1 e3 45. fxe3 fxe3 46. Re1 e2 47. Kg3 Rf5 48. Kg4 Rf1 49. Bb4 Be6+ 0-1


[Site "https://www.chess.com"]

[Event "Titled Tuesday Blitz August 31 2021"]
[White "Urazayev, Arystanbek"]
[Black "Dobrowolski, Piotr"]
[WhiteFideId "13709810"]
[BlackFideId "1106236"]
[WhiteElo "2321"]
[BlackElo "2296"]
[Result "1-0"]
[Round "11"]
[TimeControl "180+1"]
[Date "2021.08.31"]
[WhiteClock "0:00:21"]
[BlackClock "0:00:04"]

1. e4 e6 2. b3 d5 3. Bb2 dxe4 4. Nc3 Nf6 5. Qe2 Nc6 6. Nxe4 Nd5 7. O-O-O a5 8. a4 Ndb4 9. h4 b6 10. h5 h6 11. Qf3 Bb7 12. Bb5 Qd5 13. Ne2 f5 14. N4c3 Qxf3 15. gxf3 O-O-O 16. Nf4 Nd4 17. Ng6 Rg8 18. Bc4 Bxf3 19. Rde1 Bxh1 20. Rxh1 Bc5 21. Nb5 Rge8 22. Nxd4 Bxd4 23. c3 Na2+ 24. Kb1 Bxf2 25. d4 Nxc3+ 26. Bxc3 Bxd4 27. Kc2 Bxc3 28. Kxc3 Rd6 29. Ne5 c6 30. Rg1 Re7 31. Rb1 b5 32. axb5 cxb5 33. Bxb5 Rd5 34. Nc4 Rc7 35. Be8 Kd8 36. Bg6 Ke7 37. Kb2 Rb5 38. Na3 Re5 39. Nc4 Re2+ 40. Ka3 a4 41. Kxa4 Rb7 42. Ka3 Kf6 43. b4 e5 44. Na5 Rb8 45. b5 f4 46. b6 f3 47. Nc6 Ra8+ 48. Kb4 f2 49. b7 Rf8 50. Bd3 Re1 51. Rb2 f1=Q 52. Bxf1 Rxf1 53. b8=Q Rxb8+ 54. Nxb8 Rh1 55. Kc5 Rxh5 56. Kd5 e4+ 57. Kxe4 Re5+ 58. Kd4 Re8 59. Nd7+ Kg5 60. Ne5 h5 61. Rg2+ Kh6 62. Ke4 g5 63. Kf5 Rf8+ 64. Ke6 Rf1 65. Nf7+ Kg6 66. Rxg5+ Kh7 67. Ke7 h4 68. Kf8 Rxf7+ 69. Kxf7 Kh6 70. Rb5 h3 71. Rb3 1-0


[Site "https://www.chess.com"]

[Event "Titled Tuesday Blitz August 31 2021"]
[White "Van der Werf, Mark"]
[Black "Goryachkina, Aleksandra"]
[WhiteFideId "1000470"]
[BlackFideId "4147103"]
[WhiteElo "2398"]
[BlackElo "2441"]
[Result "0-1"]
[Round "11"]
[TimeControl "180+1"]
[Date "2021.08.31"]
[WhiteClock "0:00:51"]
[BlackClock "0:00:24"]

1. e4 Nf6 2. e5 Nd5 3. d4 d6 4. exd6 exd6 5. Nf3 Be7 6. Be2 O-O 7. O-O Bg4 8. h3 Bh5 9. Re1 Nd7 10. c4 N5b6 11. Nbd2 Re8 12. Qb3 a5 13. Nf1 a4 14. Qc3 Bf6 15. Be3 Nf8 16. Ng3 Bg6 17. Rad1 c6 18. Qb4 Ne6 19. d5 c5 20. Qd2 Nf8 21. Bf4 h6 22. Bd3 Rxe1+ 23. Rxe1 Bxd3 24. Qxd3 Ng6 25. Bd2 Bxb2 26. a3 Ne5 27. Nxe5 Bxe5 28. Nf5 Qf6 29. f4 Bd4+ 30. Kh1 Kh8 31. Rb1 Nxc4 32. Qxc4 Qxf5 33. Rxb7 Kg8 34. Rb6 Qe4 35. Rxd6 Qb1+ 36. Kh2 Qg1+ 37. Kg3 Qf2+ 38. Kg4 Qxd2 0-1


[Site "https://www.chess.com"]

[Event "Titled Tuesday Blitz August 31 2021"]
[White "Vifleemskaia, Svetlana"]
[Black "Martin Carmona, Gaston Manuel"]
[WhiteFideId "4129490"]
[BlackFideId "22284567"]
[WhiteElo "1944"]
[BlackElo "2161"]
[Result "0-1"]
[Round "11"]
[TimeControl "180+1"]
[Date "2021.08.31"]
[WhiteClock "0:00:09"]
[BlackClock "0:00:47"]

1. d4 Nf6 2. c4 g6 3. Nc3 Bg7 4. e4 O-O 5. Nge2 c5 6. d5 b5 7. cxb5 a6 8. Ng3 e6 9. d6 Bb7 10. Be2 axb5 11. Bxb5 Qb6 12. O-O Ne8 13. a4 Qxd6 14. Qxd6 Nxd6 15. Rd1 Bxc3 16. Rxd6 Be5 17. Rd3 d5 18. exd5 exd5 19. Bh6 Rd8 20. Rc1 Na6 21. Re3 Bxb2 22. Rc2 Bd4 23. Re7 Nb4 24. Rce2 Ba6 25. h4 Bxb5 26. axb5 Bf6 27. Rc7 c4 28. b6 c3 29. b7 Rab8 30. h5 d4 31. Re4 d3 32. Rxb4 d2 33. Rb1 d1=Q+ 34. Rxd1 Rxd1+ 35. Kh2 Be5 36. Rc8+ Rd8 37. f4 Bf6 0-1


[Site "https://www.chess.com"]

[Event "Titled Tuesday Blitz August 31 2021"]
[White "Visakh N R"]
[Black "Bortnyk, Olexandr"]
[WhiteFideId "25012223"]
[BlackFideId "14120828"]
[WhiteElo "2428"]
[BlackElo "2723"]
[Result "1/2-1/2"]
[Round "11"]
[TimeControl "180+1"]
[Date "2021.08.31"]
[WhiteClock "0:00:52"]
[BlackClock "0:00:09"]

1. c4 f5 2. e4 fxe4 3. Nc3 Nf6 4. d3 exd3 5. Bxd3 e5 6. Nf3 d6 7. O-O Be7 8. Qc2 Nc6 9. a3 O-O 10. Ng5 h6 11. Nh7 Nd4 12. Qb1 Nxh7 13. Bxh7+ Kh8 14. Be3 Bf5 15. Bxf5 Nxf5 16. Nd5 c6 17. Nxe7 Qxe7 18. Qe4 Qe6 19. Rad1 a6 20. Bb6 Rae8 21. Rfe1 d5 22. Qg4 dxc4 23. Bc5 Rf7 24. Re4 b5 25. Rde1 Qd5 26. Qg6 Kg8 27. Bb4 Re6 28. Qg4 Nd4 29. Rxd4 exd4 30. Qxe6 d3 31. Qxd5 cxd5 32. Re8+ Kh7 33. Rd8 Rf5 34. f3 Re5 35. Bc3 Re2 36. Rxd5 Kg8 37. h4 a5 38. Kh2 b4 39. axb4 axb4 40. Bxb4 Rxb2 41. Bc3 Rc2 42. Ba5 Kf7 43. Kg3 Ke6 44. Rd4 h5 45. Kf4 Ra2 46. Bc3 Rc2 47. Be1 Rxg2 48. Rxc4 d2 49. Re4+ Kf7 50. Bxd2 Rxd2 1/2-1/2


[Site "https://www.chess.com"]

[Event "Titled Tuesday Blitz August 31 2021"]
[White "Vivas Zamora, Fabian Ernesto"]
[Black "Ulko, Jaroslav"]
[WhiteFideId "3902480"]
[BlackFideId "4116658"]
[WhiteElo "1966"]
[BlackElo "2304"]
[Result "1-0"]
[Round "11"]
[TimeControl "180+1"]
[Date "2021.08.31"]
[WhiteClock "0:00:03"]
[BlackClock "0:00:17"]

1. c4 Nf6 2. Nc3 g6 3. g3 Bg7 4. Bg2 O-O 5. d4 d6 6. Nf3 Nbd7 7. O-O e5 8. e4 exd4 9. Nxd4 Re8 10. h3 Nc5 11. Re1 h6 12. Qc2 Nfxe4 13. Nxe4 Bxd4 14. Bxh6 Bf5 15. Rad1 Bxe4 16. Bxe4 Qf6 17. Bf4 Bxb2 18. h4 Bd4 19. Bd5 c6 20. Rxe8+ Rxe8 21. Rxd4 cxd5 22. Rxd5 Re1+ 23. Kg2 Ne6 24. Bxd6 Qa1 25. Bb4 Rg1+ 26. Kf3 Nd4+ 27. Rxd4 Qxd4 28. Qe2 Qd1 29. Bc5 b6 30. Be7 Qxe2+ 31. Kxe2 Ra1 32. a3 f5 33. f3 Kf7 34. Bd6 Ke6 35. Bf8 Ke5 36. Bg7+ Ke6 37. Bxa1 a6 38. Kd3 1-0


[Site "https://www.chess.com"]

[Event "Titled Tuesday Blitz August 31 2021"]
[White "Vlassov, Nikolai"]
[Black "Martin Duque, Jesus"]
[WhiteFideId "4103360"]
[BlackFideId "2208954"]
[WhiteElo "2407"]
[BlackElo "2224"]
[Result "1-0"]
[Round "11"]
[TimeControl "180+1"]
[Date "2021.08.31"]
[WhiteClock "0:02:19"]
[BlackClock "0:02:13"]

1. e4 c5 2. c3 d5 3. exd5 Nf6 4. Bb5+ Nbd7 5. c4 g6 6. Nf3 Bg7 7. O-O O-O 8. d4 a6 9. Ba4 b5 10. cxb5 Nxd5 11. Nc3 N7b6 12. dxc5 Nxc3 13. bxc3 Nxa4 14. Qxa4 axb5 15. Qxa8 Bxc3 16. Rb1 Qd3 17. Bh6 1-0


[Site "https://www.chess.com"]

[Event "Titled Tuesday Blitz August 31 2021"]
[White "Wagner, Dennis"]
[Black "Blomqvist, Erik"]
[WhiteFideId "24650684"]
[BlackFideId "1709437"]
[WhiteElo "2355"]
[BlackElo "2460"]
[Result "1/2-1/2"]
[Round "11"]
[TimeControl "180+1"]
[Date "2021.08.31"]
[WhiteClock "0:00:02"]
[BlackClock "0:00:09"]

1. e4 c5 2. c3 Nf6 3. e5 Nd5 4. Nf3 d6 5. Bc4 Nb6 6. Bb3 c4 7. Bc2 dxe5 8. Nxe5 Qd5 9. Qe2 e6 10. b3 Qxg2 11. Be4 Qh3 12. Na3 N8d7 13. Nexc4 Nc5 14. Nb5 Nxe4 15. Qxe4 Nd5 16. Nbd6+ Bxd6 17. Nxd6+ Kf8 18. Ba3 Kg8 19. O-O-O Bd7 20. Rhg1 Bc6 21. Qe5 f6 22. Rxg7+ Kxg7 23. Rg1+ Kf8 24. Ne4+ Kf7 25. Nd6+ Kf8 26. Nc4+ Kf7 27. Nd6+ Kf8 1/2-1/2


[Site "https://www.chess.com"]

[Event "Titled Tuesday Blitz August 31 2021"]
[White "Weetik, Vjacheslav"]
[Black "Korsunsky, Yuri"]
[WhiteFideId "4153472"]
[BlackFideId "14102722"]
[WhiteElo "2469"]
[BlackElo "2448"]
[Result "1-0"]
[Round "11"]
[TimeControl "180+1"]
[Date "2021.08.31"]
[WhiteClock "0:00:43"]
[BlackClock "0:00:09"]

1. b4 Nf6 2. Bb2 g6 3. g4 Bg7 4. g5 Nh5 5. d4 a5 6. b5 c5 7. e3 d5 8. Be2 cxd4 9. Bxd4 e5 10. Bb2 Qxg5 11. Qxd5 O-O 12. Nf3 Qg2 13. Rg1 Qh3 14. Ng5 Qxh2 15. Rh1 Qxh1+ 16. Qxh1 h6 17. Ne4 Be6 18. Bxh5 gxh5 19. Qxh5 Nd7 20. Nbd2 f5 21. Nd6 Nf6 22. Qg6 Rad8 23. Bxe5 Rxd6 24. Bxd6 1-0


[Site "https://www.chess.com"]